AoeStats
← kV0t3

Arabia

508087480Analyzed
2v2 RM · 10d ago on Sep 20, 2026· 60m 22s· 4 players
Game mode
Random Map
Map size
Medium (4 player)
Population
200
Speed
Normal
Resources
Standard
Victory
Conquest
Starting age
Dark Age
Ending age
Imperial Age
RankedLock teamsTeams togetherTeam positionsShared explorationLock speedFull tech treeHidden civsTurbo modeCheats
Victory
Defeat
🇦🇷 Magyars · Argentina
1396
+16
🇦🇷 Maya · Argentina
1362
+16
🇦🇷 Magyars · Argentina
1390
-16
🇦🇷 Italians · Argentina
1386
-16
kV0t3
0:25 Loom
9:08 Feudal Age
10:42 Double-Bit Axe
17:06 Fletching
22:29 Castle Age
22:10 Gold Mining
22:08 Horse Collar
23:25 Bow Saw
23:26 Bodkin Arrow
24:50 Wheelbarrow
25:32 Padded Archer Armor
28:17 Leather Archer Armor
31:49 Elite Skirmisher
33:52 Crossbowman
35:45 Guard Tower
39:00 Stone Mining
42:40 Ballistics
46:31 Imperial Age
45:15 Heavy Plow
44:45 Pikeman
45:25 Squires
47:21 Bracer
49:20 Hul'che Javelineers
52:40 Ring Archer Armor
52:00 Arbalester
54:44 Town Watch
57:38 Chemistry
[@LLNET]ZADBACK
8:33 Loom
12:18 Feudal Age
12:32 Man-at-Arms
12:59 Double-Bit Axe
12:57 Horse Collar
15:49 Town Watch
17:29 Bloodlines
19:08 Wheelbarrow
22:25 Castle Age
20:56 Gold Mining
26:09 Husbandry
29:22 Bow Saw
29:39 Scale Barding Armor
31:02 Chain Barding Armor
33:33 Heavy Plow
34:59 Gold Shaft Mining
39:04 Hand Cart
40:05 Fletching
49:45 Imperial Age
46:45 Light Cavalry
49:17 Bodkin Arrow
49:51 Cavalier
51:07 Plate Barding Armor
50:10 Hussar
54:40 Stone Mining
MaxiST
6:02 Loom
11:39 Feudal Age
16:13 Castle Age
33:03 Fletching
36:45 Double-Bit Axe
39:25 Horse Collar
48:58 Husbandry
50:23 Scale Barding Armor
53:31 Bow Saw
53:22 Heavy Plow
57:46 Imperial Age
55:37 Bodkin Arrow
57:10 Pikeman
58:41 Corvinian Army
59:59 Scale Mail Armor
Xam
5:21 Loom
9:46 Feudal Age
10:23 Double-Bit Axe
12:35 Fletching
26:22 Castle Age
24:23 Horse Collar
25:31 Gold Mining
26:28 Crossbowman
27:22 Bodkin Arrow
34:24 Ballistics
39:27 Bow Saw
45:11 Imperial Age
43:39 Fortified Wall
44:10 Town Watch
44:39 Squires
44:41 Scale Mail Armor
45:33 Murder Holes
45:17 Arbalester
46:12 Bracer
47:44 Chain Mail Armor
48:56 Chemistry
48:59 Thumb Ring
49:46 Heavy Plow
50:18 Padded Archer Armor
50:52 Plate Mail Armor
51:48 Padded Archer Armor
52:44 Forging
55:06 Iron Casting
54:48 Leather Archer Armor
56:06 Pikeman
Connection lost

Rejoining the realm…

Still unreachable

The connection could not be restored.

Session expired

The server has moved on; the page needs a fresh start.